 Dungeon Crawl Stone Soup version 0.19-a0-1861-g35def1e (webtiles) character file.

546 Amnesiac the Covert (level 7, 0/38 HPs)
             Began as a Deep Elf Assassin on Oct 12, 2016.
             Slain by a centaur zombie (5 damage)
             ... on level 5 of the Dungeon.
             The game lasted 00:09:20 (2621 turns).

Amnesiac the Covert (Deep Elf Assassin)             Turns: 2621, Time: 00:09:21

Health: 0/38       AC:  4    Str:  8    XL:     7   Next: 6%
Magic:  18/18      EV: 17    Int: 16    God:
Gold:   100        SH:  0    Dex: 23    Spells: 0 memorised, 6 levels left

rFire  . . .     SeeInvis .     w - +2 dagger
rCold  . . .     Gourm    .     c - +0 robe
rNeg   . . .     Faith    .     (no shield)
rPois  .         Spirit   .     (no helmet)
rElec  .         Dismiss  .     d - +1 cloak
rCorr  .         Reflect  .     (no gloves)
MR     .....     Harm     .     (no boots)
Stlth  ++++++....               (no amulet)
                                (no ring)
                                j - ring of magical power

@: agile
A: no striking features
a: no special abilities


You were on level 5 of the Dungeon.
You were very hungry.

You visited 1 branch of the dungeon, and saw 5 of its levels.

You collected 100 gold pieces.

Inventory:

Hand Weapons
 e - a +0 blowgun
 w - a +2 dagger (weapon)
Missiles
 a - 8 javelins of penetration (quivered)
 b - 24 poisoned needles
Armour
 c - a +0 robe (worn)
 d - a +1 cloak (worn)
Jewellery
 j - a ring of magical power (left hand)
Wands
 k - a wand of teleportation (4/9)
 n - a wand of teleportation (8/9)
Scrolls
 o - 6 scrolls of identify
Comestibles
 g - 2 bread rations


   Skills:
 - Level 1.5 Fighting
 + Level 4.6 Short Blades
 - Level 2.0 Throwing
 - Level 1.2 Dodging
 * Level 9.4 Stealth


You had 6 spell levels left.
You didn't know any spells.

Dungeon Overview and Level Annotations

Branches:
Dungeon (5/15)
 Temple: D:4-7

Altars:
Elyvilon
Xom

Shops:
D:4 :

Annotations:
D:3 Amnesiac's ghost, weakling DEAs


Message History

You feel agile all of a sudden. The centaur zombie misses you.
As you read the scroll labeled UTESCH ILIPNYABACS, it crumbles to dust.
It is a scroll of enchant armour.
Your +0 cloak glows green for a moment.
The centaur zombie hits you but does no damage.
You hit the centaur zombie.
The centaur zombie is moderately damaged.
The centaur zombie completely misses you.
You hit the centaur zombie.
The centaur zombie is moderately damaged.
The centaur zombie closely misses you.
Unknown command.
You hit the centaur zombie.
The centaur zombie is moderately damaged.
The centaur zombie barely misses you.
You hit the centaur zombie.
The centaur zombie is moderately damaged.
The centaur zombie hits you.
You die...

##########
#........####################
#........#...#..............#
#........#...#..........<...+
#........'...#..............#
#........#...#..............#
#........#...#..............#
#........#...#.........!.....
#........#..@Z...............
#........#..(#(..............
###############..............
#...........$..
.....$..........
................
.....Z........ ..............
..............


You could see a centaur zombie.

Vanquished Creatures
  Sigmund (D:2)
  A centaur (D:5)
  A howler monkey (D:4)
  A centaur zombie (D:5)
  2 hounds (D:4)
  An orc wizard (D:4)
  Jessica (D:3)
  A worker ant (D:3)
  2 hound skeletons
  5 adders
  An ooze (D:3)
  4 orcs (D:4)
  2 bats
  3 goblins
  3 hobgoblins
  4 kobolds (D:3)
  2 quokkas
  A ball python (D:4)
  A jackal zombie (D:5)
  3 rats (D:1)
40 creatures vanquished.

Notes
Turn   | Place    | Note
-------+----------+-------------------------------------------
     0 | D:1      | Amnesiac the Deep Elf Assassin began the quest for the Orb.
     0 | D:1      | Reached XP level 1. HP: 12/12 MP: 3/3
    57 | D:1      | Reached skill level 5 in Stealth
   210 | D:2      | Reached XP level 2. HP: 16/16 MP: 4/4
   243 | D:2      | Noticed Sigmund
   253 | D:2      | Killed Sigmund
   253 | D:2      | Reached skill level 7 in Stealth
   253 | D:2      | Reached XP level 3. HP: 20/20 MP: 5/5
   253 | D:2      | Reached XP level 4. HP: 25/25 MP: 6/6
   253 | D:2      | Reached XP level 5. HP: 29/29 MP: 7/7
   267 | D:3      | Noticed Jessica
   270 | D:3      | Killed Jessica
   390 | D:3      | Found a shimmering altar of Xom.
   554 | D:3      | Noticed Amnesiac's ghost (weakling DEAs)
  1294 | D:3      | Reached skill level 8 in Stealth
  1415 | D:4      | Reached XP level 6. HP: 18/34 MP: 8/8
  1901 | D:4      | Found Yzanwof's Book Shop.
  1932 | D:4      | Found a white marble altar of Elyvilon.
  2496 | D:5      | Entered Level 5 of the Dungeon
  2545 | D:5      | Reached skill level 9 in Stealth
  2589 | D:5      | Reached XP level 7. HP: 13/38 MP: 9/9
  2621 | D:5      | Slain by a centaur zombie

Vault maps used:
D:1:      erik_arrival_cave_to_civilisation, hangedman_decor_clover_reticule
D:2:      bloody_trog, uniq_iyjb, uniq_sigmund
D:3:      xom_butterflies, uniq_jessica
D:4:      old_standard_altar, serial_shops, shop
D:5:      first_bread, uniq_grinder, uniq_blork_the_orc, uniq_crazy_yiuf_cottage

Skill      XL: |  1  2  3  4  5  6 |
---------------+-------------------+-----
Stealth        | 5 7 8 9 |  9.4
Short Blades   | 3 4 |  4.6
Fighting       | |  1.5
Throwing       | |  2.0
Dodging        | |  1.2

Action                   |  1- 3 |  4- 6 |  7- 9 || total
-------------------------+-------+-------+-------++-------
Melee: Dagger            |    16 |   167 |    30 ||   213
 Fire: Blowgun           |     2 |     8 |       ||    10
  Use: Scroll            |       |     8 |     1 ||     9
       Potion            |       |     5 |     1 ||     6
 Stab: Sleeping          |     3 |     8 |       ||    11
       Distracted        |       |     1 |       ||     1
  Eat: Chunk             |       |     2 |       ||     2
       Royal jelly       |       |     1 |       ||     1
Armor: Robe              |     6 |    20 |     1 ||    27
       Skin              |       |    14 |    20 ||    34
Dodge: Dodged            |     6 |   101 |     5 ||   112
